 Dungeon Crawl Stone Soup version 0.26-a0-466-g989023bd0d (webtiles) character file.

Game seed: 15206367348216162619

674 Mesmaeker13 the Chiller (level 7, -4/41 HPs)
             Began as an Octopode Ice Elementalist on Aug 4, 2020.
             Slain by an ice beast (14 damage)
             ... on level 4 of the Dungeon.
             The game lasted 00:07:44 (4763 turns).

Mesmaeker13 the Chiller (Octopode Ice Elementalist) Turns: 4763, Time: 00:07:44

Health: -4/41      AC:  1    Str:  7    XL:     7   Next: 59%
Magic:  3/13       EV: 15    Int: 20    God:
Gold:   137        SH:  0    Dex: 12    Spells: 6/14 levels left

rFire    . . .     SeeInvis .   l - +2 dagger (venom)
rCold    . . .     Faith    .   (no shield)
rNeg     . . .     Spirit   .   (helmet restricted)
rPois    .         Reflect  .   (no amulet)
rElec    .         Harm     .   o - ring of stealth
rCorr    .                      (no ring)
MR       .....                  (no ring)
Stlth    ++++......             (no ring)
HPRegen  0.13/turn              (no ring)
MPRegen  0.13/turn              (no ring)
                                (no ring)
                                (no ring)

@: very slightly contaminated
A: almost no armour, stealthy swim, amphibious, 8 rings, constrict 8, camouflage
1, gelatinous body 1
a: no special abilities


You were on level 4 of the Dungeon.
You visited 1 branch of the dungeon, and saw 5 of its levels.

You collected 137 gold pieces.

Inventory:

Hand Weapons
 l - a +2 dagger of venom (weapon)
Missiles
 j - 5 javelins (quivered)
Jewellery
 o - a ring of stealth (left tentacle)
Scrolls
 d - 3 scrolls of identify
 g - 2 scrolls of amnesia {unknown}
 h - 2 scrolls of teleportation {unknown}
 i - a scroll of fog {unknown}
 k - 2 scrolls of remove curse
 p - a scroll of magic mapping {unknown}
Potions
 a - 2 potions of berserk rage
 b - a potion of lignification {unknown}
 c - 2 potions of curing {unknown}
 e - 2 potions of stabbing {unknown}
 m - 2 potions of flight {unknown}
 n - a potion of brilliance {unknown}


   Skills:
 + Level 5.0 Dodging
 - Level 2.6 Stealth
 - Level 4.2 Spellcasting
 + Level 1.5 Summonings
 + Level 6.1 Ice Magic


You had 6 spell levels left.
You knew the following spells:

 Your Spells              Type           Power        Failure   Level
a - Freeze                Ice            ####         1%          1
b - Frozen Ramparts       Ice            ####..       3%          3
c - Summon Ice Beast      Ice/Summ       ###.....     26%         4

Your spell library contained the following spells:

 Spells                   Type           Power        Failure   Level
 Ozocubu's Armour         Ice            ####....     3%          3
 Hailstorm                Conj/Ice       ###.....     34%         4


Dungeon Overview and Level Annotations

Branches:
Dungeon (5/15)
 Temple: D:4-7

Altars:
Ashenzari
Makhleb
Nemelex Xobeh
Okawaru


Innate Abilities, Weirdness & Mutations

You cannot wear most types of armour.
You are very stealthy in the water. (Stealth+)
You are amphibious.
You can wear up to eight rings at the same time.
You can use your tentacles to constrict eight enemies at once.
Your skin changes colour to match your surroundings (Stealth+).
Your rubbery body absorbs attacks. (AC +1, EV +1)


Message History

The ice beast closely misses you.
Your ice beast barely misses the ice beast.
You hit the ice beast.
The ice beast is heavily wounded.
The ice beast hits you but does no damage.
Your ice beast misses the ice beast.
You hit the ice beast but do no damage.
The ice beast is heavily wounded.
The ice beast hits you. The ice beast freezes you!
Your ice beast hits the ice beast but does no damage.
You hit the ice beast.
The ice beast is heavily wounded.
The ice beast barely misses you.
Your ice beast hits the ice beast.
Your ice beast freezes the ice beast.
The ice beast completely resists.
You hit the ice beast.
The ice beast is severely wounded.
The ice beast hits you.
* * * LOW HITPOINT WARNING * * *
The ice beast freezes you!
You die...

#≈≈≈≈≈≈≈≈≈≈≈≈≈
#.#.#..##≈≈≈≈≈≈≈♣..♣≈≈
#......##≈≈≈≈≈≈≈(##...
###.......#≈≈≈≈≈≈≈)##...
..........#≈≈≈≈≈≈≈♣..♣≈≈
..........#≈≈≈≈≈≈≈≈≈≈≈≈)
........).#≈≈≈≈≈≈≈≈≈≈≈≈≈
........Y.##≈≈≈≈≈≈≈≈≈≈≈≈ ..
#...@Y..##≈≈≈≈≈≈≈≈≈≈≈
##.##........##≈≈≈≈≈≈≈≈≈≈
#.............##≈≈≈≈≈≈≈≈≈
##.....##...#####≈≈≈≈≈≈≈≈
########.....#.......# #########
##..##........##.##..#####..# #.
........##........##...#...#####.
........###.....####.#........###
.##.##†...###...# ###.#####.....


You could see an ice beast and a friendly ice beast (summoned).

Vanquished Creatures
  Grinder (D:3)
  A hound (D:2)
  An orc priest (D:4)
  A bullfrog skeleton (D:4)
  A centaur skeleton (D:4)
  2 orc wizards (D:4)
  Natasha (thrice) (D:3)
  An iguana (D:2)
  A hound skeleton (D:4)
  Robin (D:3)
  4 adders (D:2)
  3 gnolls (D:3)
  An ooze (D:1)
  2 worms
  4 dart slugs
  4 leopard geckos
  9 orcs
  2 bats (D:1)
  5 giant cockroaches
  14 goblins
  8 hobgoblins
  2 jackals (D:1)
  A quokka (D:4)
  A ball python (D:1)
  5 frilled lizards
  13 kobolds
  A leopard gecko skeleton (D:4)
  A quokka skeleton (D:4)
  3 rats (D:2)
96 creatures vanquished.

Notes
Turn   | Place    | Note
-------+----------+-------------------------------------------
     0 | D:1      | Mesmaeker13 the Octopode Ice Elementalist began the quest
                  | for the Orb.
     0 | D:1      | Reached XP level 1. HP: 11/11 MP: 3/3
   155 | D:1      | Reached XP level 2. HP: 13/17 MP: 5/5
   721 | D:1      | Reached XP level 3. HP: 14/21 MP: 3/6
  1215 | D:2      | Found a burning altar of Makhleb.
  1224 | D:2      | Reached XP level 4. HP: 18/27 MP: 2/8
  1233 | D:2      | Learned a level 3 spell: Frozen Ramparts
  1993 | D:2      | Reached XP level 5. HP: 31/31 MP: 9/9
  2036 | D:3      | Noticed Natasha
  2036 | D:3      | Noticed Grinder
  2118 | D:3      | Reached skill level 5 in Ice Magic
  2486 | D:3      | Killed Natasha
  2692 | D:3      | Noticed Natasha
  2695 | D:3      | Noticed Robin
  2701 | D:3      | Killed Natasha
  2703 | D:3      | Reached XP level 6. HP: 17/36 MP: 5/11
  2713 | D:3      | Killed Robin
  2945 | D:3      | Noticed Natasha
  2954 | D:3      | Killed Natasha
  3276 | D:3      | Killed Grinder
  3276 | D:3      | Reached XP level 7. HP: 17/41 MP: 11/13
  3712 | D:5      | Entered Level 5 of the Dungeon
  3748 | D:4      | Learned a level 4 spell: Summon Ice Beast
  4319 | D:4      | Reached skill level 1 in Summonings
  4319 | D:4      | Reached skill level 6 in Ice Magic
  4502 | D:4      | Found an iron altar of Okawaru.
  4505 | D:4      | Found a sparkling altar of Nemelex Xobeh.
  4508 | D:4      | Found a shattered altar of Ashenzari.
  4596 | D:4      | Reached skill level 5 in Dodging
  4763 | D:4      | Slain by an ice beast

Illustrated notes

Levels and vault maps discovered:
D:1:      moated_graveyard_arrival, layout_basic
D:2:      layout_rooms, makhleb_heckhound_becter
D:3:      layout_rooms, uniq_natasha, uniq_robin, uniq_grinder
D:4:      kennysheep_big_flooded_room, layout_cave_pools,
          grunt_temple_overflow_diamond, serial_glass, glass_columns_a,
          glass_columns_a
D:5:      layout_basic, kennysheep_mini_moat, basic_altar, uniq_duvessa

Skill      XL: |  1  2  3  4  5  6  7 |
---------------+----------------------+-----
Dodging        | 3 4 5 |  5.0
Spellcasting   | 3 4 |  4.2
Ice Magic      | 5 6 |  6.1
Summonings     | 1 |  1.5
Stealth        | |  2.6

Action                   |  1- 3 |  4- 6 |  7- 9 || total
-------------------------+-------+-------+-------++-------
Melee: Short sword       |    14 |       |       ||    14
       Tentacles         |     4 |     5 |     3 ||    12
       Constrict         |     8 |    12 |     7 ||    27
       Unarmed           |     1 |       |       ||     1
       Dagger            |    11 |    39 |    32 ||    82
Throw: Javelin           |       |     6 |     1 ||     7
 Cast: Freeze            |    26 |    31 |     7 ||    64
       Frozen Ramparts   |       |     5 |     3 ||     8
       Summon Ice Beast  |       |       |     1 ||     1
Evoke: Wand              |       |    10 |     7 ||    17
  Use: Scroll            |       |     4 |       ||     4
 Stab: Sleeping          |     4 |     7 |     1 ||    12
       Distracted        |       |     1 |       ||     1
Armor: Skin              |     2 |     4 |     2 ||     8
Dodge: Dodged            |    28 |    37 |    18 ||    83

Table legend: (Time is in decaauts)
 A = Elapsed time spent in this place.
 B = Non-inter-level travel time spent in this place.
 C = Inter-level travel time spent in this place.
 D = Time resting spent in this place.
 E = Time spent auto-exploring this place.
 F = Levels seen in this place.
 G = Mean time per level.
                   A        B        C        D        E       F      G
               +--------+--------+--------+--------+--------+-----+--------+
         Total |   4791 |   4738 |     53 |   2391 |   1424 |   5 |  958.2 |
       Dungeon |   4791 |   4738 |     53 |   2391 |   1424 |   5 |  958.2 |
               +--------+--------+--------+--------+--------+-----+--------+

Top non-repeatable levels by time:
     D:3: 1432 daAuts
     D:1: 1201 daAuts
     D:4: 1091 daAuts
     D:2: 1052 daAuts
     D:5: 13 daAuts
